 Dungeon Crawl Stone Soup version 0.27.1-4-g1640c2035a (webtiles) character file.

Game seed: 3680449783456357787

143 croobank the Digger (level 5, 0/29 HPs)
             Began as a Gargoyle Earth Elementalist on Nov 16, 2021.
             Killed by divine providence
             ... invoked by an orc priest
              (11 damage)
             ... on level 3 of the Dungeon.
             The game lasted 00:18:31 (2782 turns).

croobank the Digger (Gargoyle Earth Elementalist)   Turns: 2782, Time: 00:18:32

Health: 0/29       AC:  6    Str: 13    XL:     5   Next: 25%
Magic:  9/9        EV: 12    Int: 15    God:
Gold:   68         SH:  0    Dex: 10    Spells: 5/9 levels left

rFire    . . .     SeeInvis .   e - +1 short sword (flame)
rCold    . . .     Faith    .   (no shield)
rNeg     + . .     Spirit   .   b - +0 robe
rPois    ∞         Reflect  .   (no helmet)
rElec    +         Harm     .   (no cloak)
rCorr    .         Rampage  .   (no gloves)
Will     .....                  (no boots)
Stlth    ++........             (no amulet)
HPRegen  0.09/turn              (no ring)
MPRegen  0.11/turn              (no ring)

@: hasted, very quick
A: sickness immunity, AC +4, negative energy resistance 1, electricity
resistance, torment resistance 1, petrification resistance
a: no special abilities


You were on level 3 of the Dungeon.
You visited 1 branch of the dungeon, and saw 3 of its levels.

You collected 68 gold pieces.

Inventory:

Hand Weapons
 e - a +1 short sword of flaming (weapon)
 f - a +0 hunting sling
 g - a +1 dagger
 i - a +0 spear
 p - a +1 halberd of venom
 q - a +0 hand axe
 r - a +0 mace
Missiles
 a - 40 arrows
 c - 44 stones
 l - 9 poisoned darts
 u - 24 bolts
Armour
 b - a +0 robe (worn)
Scrolls
 j - a scroll of brand weapon
 k - a scroll of noise {unknown}
 m - a scroll of teleportation {unknown}
 o - a scroll of immolation {unknown}
Potions
 s - a potion of attraction {unknown}


   Skills:
 + Level 1.3 Fighting
 + Level 0.6 Short Blades
 + Level 1.7 Dodging
 + Level 3.1 Stealth
 + Level 2.8 Spellcasting
 + Level 0.7 Transmutations
 + Level 5.2 Earth Magic


You had 5 spell levels left.
You knew the following spells:

 Your Spells              Type           Power      Damage    Failure   Level
a - Sandblast             Erth           36%        2d10      2%          1
b - Ensorcelled Hibernat  Hex/Ice        4%         N/A       30%         2
c - Foxfire               Conj/Fire      8%         2x1d4     21%         1

Your spell library contained the following spells:

 Spells                   Type           Power      Damage    Failure   Level
 Passwall                 Tmut/Erth      9%         N/A       9%          2
 Corona                   Hex            2%         N/A       21%         1
 Shock                    Conj/Air       8%         1d3       21%         1
 Stone Arrow              Conj/Erth      20%        3d8       21%         3
 Conjure Flame            Conj/Fire      2%         6-21      52%         3
 Dazzling Flash           Conj/Hex       4%         N/A       52%         3
 Gell's Gravitas          Tloc           1%         N/A       52%         3
 Inner Flame              Hex/Fire       2%         N/A       52%         3
 Lesser Beckoning         Tloc           1%         N/A       52%         3
 Ozocubu's Armour         Ice            2%         N/A       52%         3
 Swiftness                Air            2%         N/A       52%         3
 Teleport Other           Tloc           2%         N/A       52%         3
 Tukima's Dance           Hex            2%         N/A       52%         3
 Petrify                  Tmut/Erth      11%        N/A       52%         4
 Airstrike                Air            1%         N/A       90%         4
 Iskenderun's Mystic Bla  Conj/Tloc      2%         2d3       90%         4
 Starburst                Conj/Fire      1%         6d3       100%        6
 Ozocubu's Refrigeration  Ice            1%         4d5       100%        7


Dungeon Overview and Level Annotations

Branches:
Dungeon (3/15)

Altars:


Innate Abilities, Weirdness & Mutations

You are immune to sickness and miasma.
Your stone body is resilient. (AC +4)
You are immune to poison.
You resist negative energy. (rN+)
You are resistant to electric shocks. (rElec)
You are resistant to unholy torment.
You are immune to petrification.


Message History

2 orcs and 2 orc priests come into view.
An orc is wielding a +2 flail of protection.
The orc shouts!
The orc priest shouts!
You hit the orc. You burn the orc.
The orc is moderately wounded.
You hit the orc priest. You burn the orc priest.
The orc priest is moderately wounded.
The orc misses you. The orc priest hits you with a +0 club.
You barely miss the orc priest.
The orc priest is moderately wounded.
The orc hits you with a +2 flail of protection.
The orc priest calls down the wrath of Beogh upon you.
Beogh smites you!
Ouch! That really hurt!
* * * LOW HITPOINT WARNING * * *
What are your orders? t - Shout!
Orders for allies: a - Attack new target. r - Retreat! s - Stop attacking. g - Guard the area. f - Follow me.
Anything else - Cancel.
Okay, then.
Okay, then.
You feel much better.
The orc hits you with a +2 flail of protection.
The orc priest calls down the wrath of Beogh upon you.
Beogh smites you!
The orc priest calls upon Beogh to heal the orc.
The orc's wounds heal themselves!
You feel yourself speed up. The orc barely misses you.
The orc priest hits you with a +0 club.
* * * LOW HITPOINT WARNING * * *
The orc throws a boomerang.
The boomerang hits you.
* * * LOW HITPOINT WARNING * * *
The orc throws a boomerang.
The boomerang barely misses you.
You feel better.
The orc priest invokes the aid of Beogh against you.
Beogh smites you!
You die...

#...#
#.#.#####
##### #.#.#
## #.#.# #.
#.#.# #.
#.#.# #o #.#
#. #.#
#o#########.#
#ooo....@...#
#############


You could see 2 orc priests and 2 orcs.

Vanquished Creatures
  3 adders (D:2)
  6 gnolls (D:3)
  A worm (D:2)
  2 dart slugs (D:3)
  4 endoplasms
  A giant cockroach (D:2)
  5 goblins
  A hobgoblin (D:2)
  4 jackals
  3 kobolds
  2 quokkas
  7 ball pythons
  5 bats
  2 frilled lizards (D:1)
  7 rats
53 creatures vanquished.

Vanquished Creatures (others)
  2 foxfires (D:3)
2 creatures vanquished.

Grand Total: 55 creatures vanquished

Notes
Turn   | Place    | Note
-------+----------+-------------------------------------------
     0 | D:1      | croobank the Gargoyle Earth Elementalist began the quest
                  | for the Orb.
     0 | D:1      | Reached XP level 1. HP: 10/10 MP: 3/3
   206 | D:1      | Reached skill level 4 in Earth Magic
   206 | D:1      | Reached XP level 2. HP: 13/15 MP: 0/5
   442 | D:1      | Learned a level 2 spell: Ensorcelled Hibernation
   648 | D:1      | Found a faded altar of an unknown god.
   743 | D:2      | Reached XP level 3. HP: 6/20 MP: 4/6
  1162 | D:2      | Reached XP level 4. HP: 24/24 MP: 7/7
  1170 | D:2      | Learned a level 1 spell: Foxfire
  1831 | D:3      | Reached skill level 1 in Fighting
  2101 | D:3      | Reached skill level 5 in Earth Magic
  2101 | D:3      | Reached XP level 5. HP: 29/29 MP: 4/9
  2782 | D:3      | Killed from afar by an orc priest

Illustrated notes

Levels and vault maps discovered:
D:1:      eino_arrival_water_cross, layout_basic,
          shapermc_ecumenical_altar_flowoftime, minmay_tetromino_l2
D:2:      layout_loops_ring
D:3:      layout_basic

Skill      XL: |  1  2  3  4 |
---------------+-------------+-----
Earth Magic    | 4 5 |  5.2
Stealth        | 3 |  3.1
Fighting       | 1 |  1.3
Short Blades   | |  0.6
Dodging        | |  1.7
Spellcasting   | |  2.8
Transmutations | |  0.7

Action                   |  1- 3 |  4- 6 || total
-------------------------+-------+-------++-------
Melee: Unarmed           |    13 |       ||    13
       Short sword       |    31 |    37 ||    68
       Dagger            |    15 |       ||    15
 Cast: Sandblast         |    19 |    19 ||    38
       Foxfire           |       |     2 ||     2
  Use: Scroll            |     2 |     3 ||     5
       Potion            |       |     3 ||     3
 Stab: Sleeping          |     7 |       ||     7
Armor: Robe              |    15 |    14 ||    29
Dodge: Dodged            |    51 |    26 ||    77
